 Dungeon Crawl Stone Soup version 0.18.1-50-g88ac8fd (webtiles) character file.

13541 magog001 the Cleaver (level 12, 0/110 HPs)
             Began as a Hill Orc Fighter on Sept 18, 2018.
             Was a Priest of Nemelex Xobeh.
             Slain by magog001's ghost (8 damage)
             ... in a volcano on Sept 19, 2018.
             The game lasted 01:19:19 (12654 turns).

magog001 the Cleaver (Hill Orc Fighter)            Turns: 12654, Time: 01:19:21

Health: 0/110      AC: 32    Str: 27    XL:     12   Next: 7%
Magic:  12/12      EV:  8    Int:  8    God:    Nemelex Xobeh [***...]
Gold:   674        SH: 13    Dex:  8    Spells: 0 memorised, 11 levels left

rFire  + . .     SeeInvis .     a - +4 war axe
rCold  + + +     Gourm    .     B - +7 chain mail "Vetaruis" {rPois rC+ Str-4 Stlth+}
rNeg   . . .     Faith    .     c - +1 shield
rPois  +         Spirit   .     I - +1 helmet
rElec  +         Dismiss  .     h - +2 cloak {rPois}
rCorr  +         Reflect  .     r - +2 pair of gloves
SustAt .         Harm     .     (no boots)
MR     .....                    (no amulet)
Stlth  ..........               q - +3 ring of protection
                                G - +4 ring of strength

@: mighty, resistant, very slightly contaminated, hasted, very quick, not
resistant to hostile enchantments, extremely unstealthy
A: hooves 1, thin metallic scales 1, blink, clumsy 1, cold resistance 1, weak 1
a: Blink, Triple Draw, Renounce Religion


You were in a volcano.
You worshipped Nemelex Xobeh.
Nemelex Xobeh was most pleased with you.
You were hungry.

You visited 3 branches of the dungeon, and saw 14 of its levels.
You also visited: Volcano.

You collected 968 gold pieces.
You spent 294 gold pieces at shops.

Inventory:

Hand Weapons
 a - a +4 war axe (weapon)
 o - a +2 hand axe of freezing
 O - a +2 arbalest of flaming
 R - a +2 greatsling of flaming
 S - a +3 broad axe of flaming
Missiles
 b - 34 tomahawks (quivered)
 g - 114 sling bullets
 p - 4 exploding tomahawks
 N - 3 steel tomahawks
Armour
 c - a +1 shield (worn)
 h - a +2 cloak of poison resistance (worn)
 r - a +2 pair of gloves (worn)
 B - the +7 chain mail "Vetaruis" (worn) {rPois rC+ Str-4 Stlth+}
   (You found it on level 7 of the Dungeon)

   It affects your strength (-4).
   It protects you from cold.
   It protects you from poison.
   It makes you more stealthy.
 I - a +1 helmet (worn)
Jewellery
 q - a +3 ring of protection (right hand)
 A - an uncursed ring of magical power
 G - a +4 ring of strength (left hand)
Wands
 l - a wand of lightning (3/15)
 n - a wand of random effects (15/48)
 t - a wand of lightning (6/15)
 v - a wand of acid (13/15)
 y - a wand of digging (9/24)
 E - a wand of polymorph (16/24)
Scrolls
 j - 5 scrolls of remove curse
 k - 3 scrolls of teleportation
 C - a scroll of fog
 Q - a scroll of amnesia
Potions
 d - a potion of might
 m - 3 potions of brilliance
 u - 4 potions of ambrosia
 D - a potion of magic
 H - 2 potions of flight
 M - 2 potions of berserk rage {unknown}
Miscellaneous
 e - a legendary deck of escape
 x - a plain deck of war
 z - a plain deck of escape
 J - a plain deck of destruction
 K - an ornate deck of destruction
 L - a plain deck of war {drawn: 3}
 T - a plain deck of defence
Comestibles
 f - 9 bread rations
 i - 2 meat rations
 s - 5 beef jerkies
 P - a slice of pizza


   Skills:
 * Level 11.3 Fighting
 * Level 13.6 Axes
 * Level 9.7 Armour
 - Level 0.5 Stealth
 * Level 11.3 Shields


You had 11 spell levels left.
You didn't know any spells.

Dungeon Overview and Level Annotations

Branches:
Dungeon (11/15)            Temple (1/1) D:6            Lair (0/8) D:8
    Orc (2/2) D:11
    Elf: Orc:2

Altars:
Ashenzari
Dithmenos
Elyvilon
Fedhas
Gozag
Kikubaaqudgha
Makhleb
Nemelex Xobeh
Okawaru
Pakellas
Qazlal
Ru
Sif Muna
Trog
Vehumet
Xom
Yredelemnul
Zin
The Shining One

Shops:
D:6 =

Annotations:
Volcano magog001's ghost, journeyman HOFi


Innate Abilities, Weirdness & Mutations

You have large cloven feet.
You are partially covered in thin metallic scales (AC +2).
You can translocate small distances at will.
You are clumsy. (Dex -2)
Your flesh is cold resistant.
You are weak. (Str -2)


Message History

Magog001's ghost hits you.
* * * LOW HITPOINT WARNING * * *
You hit magog001's ghost but do no damage.
Magog001's ghost is moderately damaged.
Drink which item? (? for menu, Esc to quit)
You feel very mighty all of a sudden. You block magog001's ghost's attack.
Drink which item? (? for menu, Esc to quit)
You feel yourself speed up. You block magog001's ghost's attack.
You are very lightly contaminated with residual magic.
Drink which item? (? for menu, Esc to quit)
It was a potion of resistance.
You feel protected. Magog001's ghost hits you!!
* * * LOW HITPOINT WARNING * * *
x2 You slash magog001's ghost!
Your kick misses magog001's ghost.
Magog001's ghost is moderately damaged.
Magog001's ghost hits you!
You die...
Your body glows slightly and disappears.

# #.###.#### #### ###
......W@.####..###.### #
.....................###
.≈≈...≈.....)...........
§§≈≈≈≈≈≈≈≈..............
§§§≈≈≈≈≈≈≈≈≈≈.[.......≈≈
§§§≈≈≈§≈≈≈≈≈≈...###....≈
§≈≈≈≈≈§§§≈≈≈...##.###...
§§§≈≈≈§≈§≈≈...##∩...##..
.§§§§§§§≈§≈[..###...##.


You could see magog001's ghost.

Vanquished Creatures
  The ghost of magog001 the Cleaver, a journeyman MiFi of Nemelex Xobeh (D:10)
  A centaur warrior (D:10)
  A griffon (D:9)
  A manticore (D:10)
  A gargoyle (Volcano)
  2 trolls
  10 yaks
  A fire elemental (Volcano)
  2 steam dragons (D:9)
  Grum (D:11)
  A hungry ghost (D:9)
  2 water moccasins
  14 orc warriors
  6 ice beasts
  4 sky beasts
  9 ogres
  2 wasps
  An eye of draining (D:11)
  A necrophage (D:9)
  5 phantoms
  2 wolves (D:11)
  2 crocodiles
  2 centaurs
  3 big kobolds
  3 giant frogs
  A gnoll sergeant (D:9)
  A water moccasin skeleton (D:11)
  2 scorpions
  9 killer bees
  8 wights
  4 howler monkeys
  A giant frog zombie (D:6)
  10 crimson imps
  A wasp zombie (D:7)
  A quasit (D:7)
  6 hounds
  A jelly (D:6)
  Crazy Yiuf (D:4)
  A centaur skeleton (D:4)
  12 orc priests
  11 orc wizards
  2 giant frog skeletons
  An iguana (D:9)
  14 worker ants
  3 hound zombies
  8 adders
  6 gnolls
  3 shadow imps
  3 adder skeletons
  A worm (D:4)
  5 dart slugs
  7 giant geckos
  43 orcs
  A ball python (D:4)
  A bat zombie (D:6)
  3 giant cockroaches
  11 goblins
  5 hobgoblins
  6 jackals
  2 quokkas
  11 bats
  6 giant newts
  A jackal skeleton (D:5)
  17 kobolds
  11 rats
  2 plants (D:9)
321 creatures vanquished.

Vanquished Creatures (collateral kills)
  A hydra (D:10)
  An orc warrior (D:11)
  A crimson imp (D:11)
  An iguana (D:10)
4 creatures vanquished.

Vanquished Creatures (others)
  An adder (D:3)
1 creature vanquished.

Grand Total: 326 creatures vanquished

Notes
Turn   | Place    | Note
--------------------------------------------------------------
     0 | D:1      | magog001 the Hill Orc Fighter began the quest for the Orb.
     0 | D:1      | Reached XP level 1. HP: 19/19 MP: 1/1
    27 | D:1      | Reached XP level 2. HP: 16/27 MP: 2/2
   710 | D:1      | Reached XP level 3. HP: 33/33 MP: 3/3
  1262 | D:2      | Reached skill level 3 in Axes
  1872 | D:2      | Reached XP level 4. HP: 25/40 MP: 4/4
  2471 | D:3      | Found a basalt altar of Yredelemnul.
  2611 | D:4      | Found a radiant altar of Vehumet.
  3027 | D:4      | Reached XP level 5. HP: 34/47 MP: 5/5
  3400 | D:4      | Reached skill level 4 in Axes
  3713 | D:4      | Reached XP level 6. HP: 52/53 MP: 6/6
  3732 | D:4      | Noticed Crazy Yiuf
  3740 | D:4      | Killed Crazy Yiuf
  3740 | D:4      | Reached skill level 5 in Armour
  4083 | D:5      | Entered Level 5 of the Dungeon
  4147 | D:5      | Reached skill level 5 in Axes
  4157 | D:5      | Reached skill level 5 in Shields
  4227 | D:5      | Found a stormy altar of Qazlal.
  4337 | D:5      | Reached XP level 7. HP: 60/60 MP: 7/7
  4504 | D:5      | Reached skill level 5 in Fighting
  4640 | D:5      | Found an ancient bone altar of Kikubaaqudgha.
  5077 | D:4      | Found an oddly glowing altar of Pakellas.
  5077 | D:4      | Found a sacrificial altar of Ru.
  5633 | D:6      | Reached skill level 6 in Axes
  5633 | D:6      | Reached XP level 8. HP: 57/69 MP: 8/8
  5741 | D:6      | Found a staircase to the Ecumenical Temple.
  5747 | Temple   | Entered the Ecumenical Temple
  5771 | Temple   | Became a worshipper of Nemelex Xobeh the Trickster
  6108 | D:6      | Found Safasoym's Jewellery Emporium.
  6113 | D:6      | Bought a +3 ring of protection for 294 gold pieces
  6424 | D:7      | Reached skill level 7 in Axes
  6600 | D:7      | Received a gift from Nemelex Xobeh
  6659 | D:7      | Gained mutation: Your flesh is heat resistant. [mutagenic meat]
  6660 | D:7      | Gained mutation: You have a pair of small horns on your head. [mutagenic meat]
  6661 | D:7      | Gained mutation: Your flesh is cold resistant. [mutagenic meat]
  6662 | D:7      | Gained mutation: You are frail (-10% HP). [mutagenic meat]
  6663 | D:7      | Gained mutation: You have large cloven feet. [mutagenic meat]
  6664 | D:7      | Gained mutation: Armour fits poorly on your strangely shaped body. [mutagenic meat]
  6667 | D:7      | Got a dazzling chain mail
  6678 | D:7      | Identified the +7 chain mail "Vetaruis" {rPois rC+ Str-4 Stlth+} (You found it on level 7 of the Dungeon)
  6714 | D:7      | Reached skill level 8 in Axes
  6714 | D:7      | Reached XP level 9. HP: 69/70 MP: 9/9
  7316 | D:8      | Reached * piety under Nemelex Xobeh
  7345 | D:8      | Found a staircase to the Lair.
  7498 | D:8      | Received a gift from Nemelex Xobeh
  7708 | D:8      | Reached skill level 9 in Axes
  7928 | D:8      | Found a deep blue altar of Sif Muna.
  8237 | D:9      | Found a shadowy altar of Dithmenos.
  8438 | D:9      | Reached skill level 10 in Axes
  8438 | D:9      | Reached XP level 10. HP: 76/79 MP: 10/10
  8599 | D:9      | Found a white marble altar of Elyvilon.
  8664 | D:9      | Reached ** piety under Nemelex Xobeh
  8857 | D:9      | Noticed a griffon
  8877 | D:9      | Killed a griffon
  9046 | D:9      | Reached skill level 11 in Axes
  9239 | D:9      | Found an opulent altar of Gozag.
  9378 | D:9      | Received a gift from Nemelex Xobeh
  9660 | D:10     | Entered Level 10 of the Dungeon
  9793 | D:10     | Noticed a manticore
  9808 | D:10     | Killed a manticore
 10149 | D:10     | Reached XP level 11. HP: 80/89 MP: 11/11
 10210 | D:10     | Reached skill level 12 in Axes
 10225 | D:10     | Lost mutation: You are frail (-10% HP). [potion of mutation]
 10225 | D:10     | Gained mutation: You tend to lose your temper in combat. [potion of mutation]
 10226 | D:10     | Gained mutation: You are dopey. (Int -2) [potion of mutation]
 10226 | D:10     | Gained mutation: You can translocate small distances at will. [potion of mutation]
 10226 | D:10     | Gained mutation: You are partially covered in thin metallic scales (AC +2). [potion of mutation]
 10273 | D:10     | Noticed a centaur warrior
 10288 | D:10     | Killed a centaur warrior
 10288 | D:10     | Reached skill level 10 in Fighting
 10353 | D:10     | Noticed magog001's ghost (journeyman MiFi)
 10531 | D:10     | Killed magog001's ghost
 10531 | D:10     | Reached skill level 10 in Shields
 10603 | D:10     | Received a gift from Nemelex Xobeh
 10613 | D:10     | Noticed a six-headed hydra
 10625 | D:10     | Killed a nine-headed hydra
 11211 | D:11     | Noticed Grum
 11220 | D:11     | Killed Grum
 11320 | D:11     | Gained mutation: You are clumsy. (Dex -2) [mutagenic meat]
 11321 | D:11     | Gained mutation: You are weak. (Str -2) [mutagenic meat]
 11322 | D:11     | Lost mutation: You have a pair of small horns on your head. [mutagenic meat]
 11444 | D:11     | Reached skill level 13 in Axes
 11561 | D:11     | Reached *** piety under Nemelex Xobeh
 11577 | D:11     | Lost mutation: Your flesh is heat resistant. [potion of cure mutation]
 11577 | D:11     | Lost mutation: You are dopey. (Int -2) [potion of cure mutation]
 11577 | D:11     | Lost mutation: Armour fits poorly on your strangely shaped body. [potion of cure mutation]
 11577 | D:11     | Lost mutation: You tend to lose your temper in combat. [potion of cure mutation]
 11766 | D:11     | Received a gift from Nemelex Xobeh
 12051 | D:11     | Found a staircase to the Orcish Mines.
 12060 | Orc:1    | Entered Level 1 of the Orcish Mines
 12404 | Orc:1    | Received a gift from Nemelex Xobeh
 12456 | Orc:2    | Entered Level 2 of the Orcish Mines
 12482 | Orc:2    | Reached XP level 12. HP: 110/110 MP: 12/12
 12529 | Orc:2    | Found a dark tunnel.
 12541 | Volcano  | Entered a volcano
 12639 | Volcano  | Noticed magog001's ghost (journeyman HOFi)
 12654 | Volcano  | Slain by magog001's ghost

Skill      XL: |  1  2  3  4  5  6  7  8  9 10 11 |
---------------+----------------------------------+-----
Fighting       | 4 5 6 8 9 11 | 11.3
Axes           | 3 4 5 6 8 10 11 13 | 13.6
Armour         | 4 5 6 7 8 9 |  9.7
Shields        | 4 5 7 8 9 11 | 11.3
Stealth        | |  0.5

Action                   |  1- 3 |  4- 6 |  7- 9 | 10-12 || total
-------------------------+-------+-------+-------+-------++-------
Melee: War axe           |   147 |   155 |   358 |   578 ||  1238
       Kick              |       |       |    48 |   156 ||   204
       Headbutt          |       |       |    41 |    60 ||   101
Evoke: Wand              |       |       |       |     5 ||     5
       Deck              |       |       |       |     3 ||     3
  Use: Scroll            |       |       |    17 |     5 ||    22
       Potion            |       |       |     5 |    12 ||    17
  Eat: Chunk             |     3 |     8 |     8 |    12 ||    31
       Meat ration       |       |       |     2 |       ||     2
       Fruit             |       |       |     2 |     1 ||     3
       Bread ration      |       |       |       |     1 ||     1
       Beef jerky        |       |       |       |     3 ||     3
Armor: Scale mail        |    21 |       |       |       ||    21
       Plate armour      |    94 |   104 |   106 |       ||   304
       Chain mail        |       |       |   118 |   314 ||   432
Dodge: Dodged            |    25 |    22 |    77 |   128 ||   252
Block: Shield            |    77 |    69 |   196 |   361 ||   703
